 Dungeon Crawl Stone Soup version 0.17.0-24-gcfadda4 (webtiles) character file.

7111 trolloc1 the Protected (level 10, -2/96 HPs)
             Began as a Minotaur Berserker on Nov 15, 2015.
             Was a High Priest of Trog.
             Slain by a two-headed ogre
             ... wielding a cursed +0 giant club
              (13 damage)
             ... on level 4 of the Orcish Mines.
             The game lasted 00:33:57 (8242 turns).

trolloc1 the Protected (Minotaur Berserker)         Turns: 8242, Time: 00:33:57

Health: -2/96      AC: 21    Str: 25    XL:     10   Next: 85%
Magic:  9/9        EV:  9    Int:  2    God:    Trog [*****.]
Gold:   888        SH:  0    Dex: 10    Spells: 0 memorised, 9 levels left

rFire  + + +     SeeInvis .     N - +2 trident (flame)
rCold  . . .     Clarity  .     O - +2 plate armour {rPois}
rNeg   . . .     SustAt   .     (no shield)
rPois  +         Gourm    +     (helmet restricted)
rElec  +         Spirit   .     L - +1 cloak of a bailey {rElec rF+++ Regen+ Int-2}
rCorr  .         Warding  .     g - +0 pair of gloves
rMut   .         Stasis   .     (no boots)
MR     .....                    l - amulet of the gourmand
Stlth  ..........               (no ring)
                                I - ring of stealth

@: exhausted, slowed, very slow, not resistant to hostile enchantments,
extremely unstealthy
A: retaliatory headbutt, horns 2
a: Berserk, Trog's Hand, Brothers in Arms, Burn Spellbooks, Renounce Religion


You were on level 4 of the Orcish Mines.
You worshipped Trog.
Trog was extremely pleased with you.
You were very full.

You visited 2 branches of the dungeon, and saw 13 of its levels.

You collected 958 gold pieces.
You spent 70 gold pieces at shops.

Inventory:

Hand Weapons
 N - a +2 trident of flaming (weapon)
Missiles
 G - 3 poisoned tomahawks (quivered)
Armour
 g - a +0 pair of gloves (worn)
 F - a troll hide
 L - the +1 cloak of a bailey (worn) {rElec rF+++ Regen+ Int-2}
   (You found it on level 9 of the Dungeon)

   It affects your intelligence (-2).
   It renders you almost immune to fire.
   It insulates you from electricity.
   It increases your rate of regeneration.
 O - a +2 plate armour of poison resistance (worn)
Jewellery
 l - an amulet of the gourmand (around neck)
 H - an uncursed amulet of resist mutation
 I - a ring of stealth (left hand)
Wands
 e - a wand of cold (9)
 h - a wand of paralysis (4)
 r - a wand of digging (12)
 J - a wand of confusion (18)
Scrolls
 a - a scroll of remove curse
 i - a scroll of enchant armour
 q - 4 scrolls of identify
 t - 2 scrolls of fog {unknown}
 u - a scroll of magic mapping {unknown}
 v - 4 scrolls of teleportation {unknown}
 x - 2 scrolls of random uselessness {unknown}
 y - 3 scrolls of enchant weapon {unknown}
 z - 2 scrolls of blinking {unknown}
 E - 2 scrolls of amnesia {unknown}
 K - a scroll of acquirement {unknown}
Potions
 b - 2 potions of curing
 d - 3 potions of might {unknown}
 f - 4 potions of flight {unknown}
 k - 2 potions of berserk rage {unknown}
 m - a potion of ambrosia {unknown}
 n - a potion of mutation {unknown}
 o - 4 potions of brilliance {unknown}
 p - a potion of heal wounds
 s - 2 potions of degeneration {unknown}
 A - a potion of haste {unknown}
 B - 2 potions of poison {unknown}
 D - a potion of cancellation {unknown}
Books
 C - a book of Unlife

   Spells                             Type                      Level
   a - Recall                         Summoning/Translocation      3
   b - Animate Dead                   Necromancy                   4
   c - Control Undead                 Necromancy                   4
   d - Cigotuvi's Embrace             Necromancy                   5
   e - Death Channel                  Necromancy                   6
   f - Simulacrum                     Ice/Necromancy               6
   Trog disapproves of the use of such an item.
Comestibles
 c - 5 bread rations
 j - 6 meat rations
 w - 8 chunks of flesh
 M - a beef jerky


   Skills:
 + Level 11.3 Fighting
   Level 10.6 Maces & Flails
 + Level 2.4 Polearms
 + Level 11.5 Armour
 + Level 6.1 Dodging
 + Level 0.3 Evocations


You had 9 spell levels left.
You didn't know any spells.

Dungeon Overview and Level Annotations

Branches:
Dungeon (9/15)             Temple (0/1) D:5             Orc (4/4) D:9
    Elf (0/3) Orc:3
   Lair: D:8-11

Altars:
Cheibriados
Dithmenos
Elyvilon
Fedhas
Kikubaaqudgha
Qazlal
Sif Muna
Xom
Yredelemnul

Shops:
D:8 !   Orc:4 [


Innate Abilities, Weirdness & Mutations

You reflexively headbutt those who attack you in melee.
You have a pair of horns on your head.


Message History

The hill giant hits you with a giant club!
The troll shouts!
The two-headed ogre hits you with a dire flail!
The two-headed ogre barely misses you. The orc closely misses you.
You furiously retaliate!
You headbutt the orc.
You kill the orc!
Trog accepts your kill. Something appears at your feet! Trog grants you a gift!
The two-headed ogre seems to speed up.
You see here 6 silver javelins.
The two-headed ogre hits you but does no damage.
The two-headed ogre hits you with a giant club!!
The hill giant hits you with a giant club!!
* * * LOW HITPOINT WARNING * * *
The two-headed ogre closely misses you. The two-headed ogre misses you.
The two-headed ogre closely misses you. You furiously retaliate!
You headbutt the two-headed ogre!
The two-headed ogre hits you with a giant club!
You die...

#...## ##.#.....#..... ##
####...#......
##.##.........
#...##.##.... #.#
####...#...#...# ...##
##.###.#.....#.
#....##...#..).........
#........#..#..#.##...
#.###.....OO@..###...##...
..........CO#.## #.## ...
.........)O#### ## ..
..#.......To#
$........C.## ........T..#
........†)## .........O#
$.....)).##


You could see a hill giant, a cyclops, 2 trolls, 2 two-headed ogres and 2 ogres.

Vanquished Creatures
  A stone giant (Orc:3)
  Pikel (D:7)
  The ghost of platinum the Spear-Bearer, a novice MfGl of Fedhas (D:6)
  3 trolls
  3 yaks (D:9)
  A wyvern (D:8)
  3 hippogriffs
  2 ice beasts
  A water moccasin (D:9)
  A necrophage (D:9)
  3 slaves (D:7)
  5 orc warriors
  8 ogres
  A centaur (D:8)
  A big kobold (D:6)
  The ghost of yevrey the Grave Robber, an amateur DENe (D:3)
  11 killer bees
  A centaur zombie (D:8)
  3 crimson imps
  2 hounds
  4 jellies
  A gnoll shaman (D:7)
  5 orc priests
  11 orc wizards
  A giant frog skeleton (D:6)
  5 iguanas
  5 worker ants
  A hound zombie (D:8)
  7 adders
  6 gnolls
  3 shadow imps
  4 oozes
  2 adder zombies
  3 worms
  66 orcs
  8 bats
  6 giant cockroaches
  3 goblins
  5 hobgoblins
  2 jackals (D:7)
  27 kobolds
  2 quokkas
  2 ball pythons
  A ball python skeleton (D:4)
  A giant cockroach zombie (D:5)
  7 giant geckos
  5 giant newts
  A quokka zombie (D:5)
  3 rats
  A plant (D:6)
251 creatures vanquished.

Vanquished Creatures (others)
  A slave (D:7)
  A goblin (D:3)
2 creatures vanquished.

Grand Total: 253 creatures vanquished

Notes
Turn   | Place    | Note
--------------------------------------------------------------
     0 | D:1      | trolloc1 the Minotaur Berserker began the quest for the Orb.
     0 | D:1      | Reached XP level 1. HP: 19/19 MP: 0/0
    81 | D:1      | Reached skill level 4 in Maces & Flails
    81 | D:1      | Reached XP level 2. HP: 25/27 MP: 1/1
   680 | D:2      | Reached XP level 3. HP: 23/34 MP: 2/2
   760 | D:2      | Reached ** piety under Trog
  1349 | D:2      | Reached XP level 4. HP: 38/41 MP: 3/3
  1386 | D:2      | Found an ancient bone altar of Kikubaaqudgha.
  1566 | D:3      | Found a snail-covered altar of Cheibriados.
  1568 | D:3      | Found a shimmering altar of Xom.
  1568 | D:3      | Found a deep blue altar of Sif Muna.
  1569 | D:3      | Found a blossoming altar of Fedhas.
  1587 | D:3      | Noticed yevrey's ghost (amateur DENe)
  1589 | D:3      | Found a stormy altar of Qazlal.
  1591 | D:3      | Killed yevrey's ghost
  1591 | D:3      | Reached skill level 5 in Fighting
  1591 | D:3      | Reached skill level 5 in Maces & Flails
  1591 | D:3      | Reached XP level 5. HP: 28/48 MP: 4/4
  1806 | D:3      | Found a stormy altar of Qazlal.
  2481 | D:4      | You fall through a shaft for 3 floors!
  2491 | D:7      | Reached XP level 6. HP: 37/56 MP: 5/5
  2630 | D:7      | Noticed an ogre
  2636 | D:7      | Killed an ogre
  2636 | D:7      | Reached *** piety under Trog
  2687 | D:7      | Noticed an ogre
  2691 | D:7      | Killed an ogre
  2691 | D:7      | Reached skill level 6 in Maces & Flails
  2696 | D:7      | Reached XP level 7. HP: 63/63 MP: 6/6
  2802 | D:5      | Entered Level 5 of the Dungeon
  2828 | D:5      | Found an ancient bone altar of Kikubaaqudgha.
  3234 | D:5      | Found a staircase to the Ecumenical Temple.
  3663 | D:6      | Reached skill level 7 in Maces & Flails
  3663 | D:6      | Reached skill level 5 in Armour
  3691 | D:6      | Noticed platinum's ghost (novice MfGl)
  3778 | D:6      | Killed platinum's ghost
  3778 | D:6      | Reached XP level 8. HP: 67/73 MP: 7/7
  3999 | D:6      | Reached skill level 8 in Maces & Flails
  4229 | D:6      | Reached **** piety under Trog
  4931 | D:7      | Noticed a slave
  4940 | D:7      | Killed a slave
  4958 | D:7      | Noticed a slave
  4959 | D:7      | Noticed Pikel
  4959 | D:7      | Noticed a slave
  4962 | D:7      | Noticed a slave
  4964 | D:7      | Killed a slave
  4968 | D:7      | Killed a slave
  4972 | D:7      | Killed Pikel
  4972 | D:7      | Reached skill level 9 in Maces & Flails
  4972 | D:7      | Reached XP level 9. HP: 82/82 MP: 8/8
  4983 | D:7      | Found a shadowy altar of Dithmenos.
  5022 | D:7      | Killed a freed slave
  5039 | D:7      | Noticed a hippogriff
  5046 | D:7      | Killed a hippogriff
  5667 | D:8      | Found a white marble altar of Elyvilon.
  5720 | D:8      | Found a basalt altar of Yredelemnul.
  5781 | D:8      | Reached skill level 5 in Dodging
  5837 | D:8      | Found Mipres's Distillery.
  5905 | D:8      | Bought a potion of heal wounds for 70 gold pieces
  5970 | D:8      | Received a gift from Trog
  5970 | D:8      | Reached skill level 10 in Maces & Flails
  6372 | D:9      | Found a snail-covered altar of Cheibriados.
  6452 | D:9      | Got a translucent cloak
  6463 | D:9      | Identified the +1 cloak of a bailey {rElec rF+++ Regen+ Int-2} (You found it on level 9 of the Dungeon)
  6565 | D:9      | Reached XP level 10. HP: 93/93 MP: 9/9
  6588 | D:9      | Reached skill level 10 in Fighting
  6588 | D:9      | Reached skill level 10 in Armour
  7098 | D:9      | Found a staircase to the Orcish Mines.
  7109 | Orc:1    | Entered Level 1 of the Orcish Mines
  7510 | Orc:3    | Noticed a stone giant
  7560 | Orc:3    | Killed a stone giant
  7560 | Orc:3    | Reached skill level 1 in Polearms
  7560 | Orc:3    | Reached skill level 11 in Armour
  7738 | Orc:3    | Found a staircase to the Elven Halls.
  7962 | Orc:3    | Reached ***** piety under Trog
  8117 | Orc:4    | Entered Level 4 of the Orcish Mines
  8224 | Orc:4    | Found Ninymeux's Antique Armour Emporium.
  8224 | Orc:4    | Noticed a cyclops
  8225 | Orc:4    | Noticed a hill giant
  8227 | Orc:4    | Noticed an ogre mage
  8229 | Orc:4    | Noticed a deep troll
  8240 | Orc:4    | Received a gift from Trog
  8242 | Orc:4    | Slain by a two-headed ogre

Action                   |  1- 3 |  4- 6 |  7- 9 | 10-12 || total
-------------------------+-------+-------+-------+-------++-------
Melee: Mace              |    40 |       |       |       ||    40
       Great mace        |    36 |    81 |   164 |       ||   281
       Whip              |       |       |   151 |    96 ||   247
       Trident           |       |       |       |    76 ||    76
Invok: Berserk           |     1 |     3 |    12 |     9 ||    25
       Trog's Hand       |       |     1 |     3 |     1 ||     5
       Burn Spellbooks   |       |     1 |       |       ||     1
Evoke: Wand              |       |       |       |     1 ||     1
  Use: Scroll            |       |       |     4 |       ||     4
       Potion            |       |       |       |     2 ||     2
 Stab: Sleeping          |     1 |       |       |       ||     1
       Distracted        |       |       |     1 |       ||     1
  Eat: Chunk             |     2 |     7 |    30 |    27 ||    66
       Royal jelly       |       |       |     1 |       ||     1
       Pizza             |       |       |     1 |       ||     1
       Beef jerky        |       |       |     1 |       ||     1
